 Dungeon Crawl Stone Soup version 0.29.0-4-gdea44cf6ec (webtiles) character file.

Game seed: 5742042426872516602

57 qw the Chopper (level 4, -2/26 HPs)
             Began as a Tengu Warper on Aug 28, 2022.
             Slain by a gnoll
             ... wielding a +0 halberd
              (5 damage)
             ... on level 2 of the Dungeon.
             The game lasted 00:00:10 (2390 turns).

qw the Chopper (Tengu Warper)                       Turns: 2390, Time: 00:00:10

Health: -2/26      AC:  6    Str: 14    XL:     4   Next: 0%
Magic:  8/8        EV:  9    Int: 13    God:
Gold:   116        SH:  0    Dex: 13    Spells: 7/7 levels left

rFire   . . .      SeeInvis .   Y - +0 hand axe
rCold   . . .      Faith    .   (no shield)
rNeg    . . .      Spirit   .   n - +0 scale mail
rPois   .          Reflect  .   (helmet restricted)
rElec   .          Harm     .   (no cloak)
rCorr   .          Rampage  .   (no gloves)
Will    .....                   (boots unavailable)
Stlth   ..........              (no amulet)
HPRegen 0.08/turn               (no ring)
MPRegen 0.11/turn               (no ring)

@: no status effects
A: beak, talons 3
a: no special abilities


You were on level 2 of the Dungeon.
You visited 1 branch of the dungeon, and saw 2 of its levels.

You collected 116 gold pieces.


Innate Abilities, Weirdness & Mutations

You have a beak for a mouth.
You have claws for feet.


   Skills:
 - Level 2.0 Fighting
 + Level 4.5 Axes
 - Level 1.0 Throwing
 - Level 1.1 Armour
 - Level 2.1 Dodging
 - Level 2.0 Spellcasting
 - Level 2.4 Translocations


You had 7 spell levels left.
You didn't know any spells.
Your spell library contained the following spells:

 Spells                   Type           Power      Damage    Failure   Level
 Blink                    Tloc           14%        N/A       54%         2
 Gell's Gravitas          Tloc           7%         N/A       77%         3
 Lesser Beckoning         Tloc           7%         N/A       77%         3
 Teleport Other           Tloc           7%         N/A       77%         3
 Manifold Assault         Tloc           7%         N/A       100%        5

Inventory:

Hand Weapons
 e - a +0 flail
 Y - a +0 hand axe (weapon)
Armour
 n - a +0 scale mail (worn)
Scrolls
 a - 2 scrolls of identify {unknown}
 c - a scroll of acquirement {unknown}
Potions
 b - a potion of lignification {unknown}
 d - a potion of mutation {unknown}
 k - a potion of berserk rage {unknown}
 m - 2 potions of curing {unknown}

Dungeon Overview and Level Annotations

Branches:
Dungeon (2/15)

Altars:


Message History

The worm is almost dead.
The worm bites you.
You hit the worm.
You kill the worm!
You have reached level 4!
You feel stronger.
You start resting.
HP restored.
You now have 116 gold pieces (gained 7). 2 gnolls come into view.
The gnoll shouts! x2
A gnoll comes into view. It is wielding a +0 halberd.
2383 ||| Stepping ~*~*~tactically~*~*~ (stealth).
The gnoll shouts!
You barely miss the gnoll. You claw the gnoll.
The gnoll is lightly wounded.
You hit the gnoll but do no damage. The gnoll hits you with a +0 spear.
The gnoll hits you with a +0 club.
You hit the gnoll. You peck the gnoll.
The gnoll is heavily wounded.
You hit the gnoll. The gnoll barely misses you.
The gnoll hits you with a +0 club.
You hit the gnoll but do no damage. Your kick misses the gnoll.
The gnoll is heavily wounded.
You hit the gnoll but do no damage. The gnoll hits you with a +0 spear.
The gnoll barely misses you. The gnoll hits you with a +0 club.
You hit the gnoll.
The gnoll is severely wounded.
You hit the gnoll. The gnoll closely misses you.
The gnoll hits you but does no damage. x2
You barely miss the gnoll.
The gnoll is severely wounded.
You hit the gnoll but do no damage. The gnoll hits you with a +0 spear.
The gnoll barely misses you. The gnoll completely misses you.
You hit the gnoll.
You kill the gnoll!
You hit the gnoll but do no damage.
The gnoll hits you from afar with a +0 halberd.
You die...

###..............#####.
........####.#.#.#
##...#####.......#
#.#..#####.#.#.#.#####.#
...........#.....%......
#..............#.#####.#
..............##.#
......######.. #.#
......# #. #@#
.#..######## #)gg..#
........... .........
###.####### ######.##.
#.# # #.# # #.# # #.#
### # #.# ##<######.#


You could see 2 gnolls.

Vanquished Creatures
  A gnoll (D:2)
  An adder (D:2)
  A worm (D:2)
  5 endoplasms
  2 giant cockroaches (D:1)
  2 goblins (D:1)
  5 hobgoblins
  3 jackals (D:2)
  5 ball pythons (D:1)
  5 bats
  3 frilled lizards
  7 kobolds
  2 rats (D:1)
42 creatures vanquished.

Notes
Turn   | Place    | Note
-------+----------+-------------------------------------------
     0 | D:1      | qw the Tengu Warper began the quest for the Orb.
     0 | D:1      | Reached XP level 1. HP: 12/12 MP: 4/4
     0 | D:1      | 0 ||| qw: Version: 0.1-a-89-g26bdef1
     0 | D:1      | 0 ||| qw: Game counter: 2081
     0 | D:1      | 0 ||| qw: Always use a shield: true
     0 | D:1      | 0 ||| qw: God list: Okawaru
     0 | D:1      | 0 ||| qw: Allow faded altars: false
     0 | D:1      | 0 ||| qw: Do Orc after D:15 true
     0 | D:1      | 0 ||| qw: Do second Lair branch before Depths: true
     0 | D:1      | 0 ||| qw: Lair rune preference: random
     0 | D:1      | 0 ||| qw: Plans: Normal
     0 | D:1      | 0 ||| PLANNING D:1-11
   475 | D:1      | Reached skill level 3 in Axes
   475 | D:1      | Reached XP level 2. HP: 13/17 MP: 6/6
   647 | D:1      | 647 ||| Stepping ~*~*~tactically~*~*~ (stealth).
   650 | D:1      | 650 ||| Stepping ~*~*~tactically~*~*~ (stealth).
   681 | D:1      | 681 ||| Stepping ~*~*~tactically~*~*~ (stealth).
   682 | D:1      | 682 ||| Stepping ~*~*~tactically~*~*~ (stealth).
  1025 | D:1      | 1025 ||| Stepping ~*~*~tactically~*~*~ (stealth).
  1027 | D:1      | 1027 ||| Stepping ~*~*~tactically~*~*~ (stealth).
  1038 | D:1      | Reached XP level 3. HP: 17/21 MP: 7/7
  1295 | D:1      | 1295 ||| UPGRADING to +0 ring mail.
  1305 | D:1      | 1305 ||| DROPPING +0 leather armour.
  1306 | D:1      | 1306 ||| UPGRADING to +0 scale mail.
  1316 | D:1      | 1316 ||| DROPPING +0 ring mail.
  1317 | D:1      | 1317 ||| DROPPING amulet of magic regeneration.
  1318 | D:1      | 1318 ||| DROPPING ring of magical power.
  1319 | D:1      | 1319 ||| READING scroll labelled OPSUEF ULAOFE.
  1320 | D:1      | 1320 ||| READING scroll labelled WUHOODUNLI.
  1321 | D:1      | 1321 ||| READING scroll labelled QEAT ESKEPLOMU.
  1441 | D:1      | 1441 ||| DROPPING scroll of blinking.
  1699 | D:2      | 1699 ||| Stepping ~*~*~tactically~*~*~ (stealth).
  1701 | D:2      | 1701 ||| Stepping ~*~*~tactically~*~*~ (stealth).
  1703 | D:2      | 1703 ||| Stepping ~*~*~tactically~*~*~ (stealth).
  1710 | D:2      | Reached skill level 4 in Axes
  1789 | D:2      | 1789 ||| FLEEEEING.
  1790 | D:2      | 1790 ||| FLEEEEING.
  1792 | D:2      | 1792 ||| FLEEEEING.
  1793 | D:2      | 1793 ||| FLEEEEING.
  1794 | D:2      | 1794 ||| FLEEEEING.
  1795 | D:2      | 1795 ||| FLEEEEING.
  2157 | D:2      | 2157 ||| DROPPING +0 whip.
  2225 | D:2      | Reached XP level 4. HP: 13/26 MP: 8/8
  2383 | D:2      | 2383 ||| Stepping ~*~*~tactically~*~*~ (stealth).
  2387 | D:2      | HP: 5/26 [gnoll/+0 club (2)]
  2390 | D:2      | Slain by a gnoll

Levels and vault maps discovered:
D:1:      erik_arrival_blinker_ship, layout_loops_ring, minmay_hexomino_f4
D:2:      minmay_spotlight, layout_loops_ring, kennysheep_generic_room_8

Skill      XL: |  1  2  3 |
---------------+----------+-----
Axes           | 3 4 |  4.5
Fighting       | |  2.0
Throwing       | |  1.0
Armour         | |  1.1
Dodging        | |  2.1
Spellcasting   | |  2.0
Translocations | |  2.4

Action                   |  1- 3 |  4- 6 || total
-------------------------+-------+-------++-------
Melee: Hand axe          |   110 |     6 ||   116
       Peck              |    13 |     1 ||    14
       Kick              |    17 |     1 ||    18
       Punch             |     1 |       ||     1
Throw: Boomerang         |     7 |       ||     7
  Use: Scroll            |     3 |       ||     3
Armor: Leather armour    |    11 |       ||    11
       Scale mail        |    17 |     2 ||    19
Dodge: Dodged            |    43 |     5 ||    48

Table legend:
 A = Non-vault XP
 B = Vault XP
 C = Vault XP percentage of total XP
 D = Non-vault monster count
 E = Vault monster count
 F = Vault count percentage of total count
                 A         B        C        D         E       F
            +---------+---------+-------+---------+---------+-------
      Total |      70 |      27 |  27.8 |      33 |       9 |  21.4
            +---------+---------+-------+---------+---------+-------
        D:1 |      33 |       5 |  13.2 |      22 |       3 |  12.0
        D:2 |      37 |      22 |  37.3 |      11 |       6 |  35.3
            +---------+---------+-------+---------+---------+-------
